Map: King's Cove LE

Players

Jason

  • Race: Terran Terran
  • League: Grandmaster
  • Spawn Location: 11:00

Rob - Winner!

  • Race: Protoss Protoss
  • League: Grandmaster
  • Spawn Location: 5:00

VOD

Have the link to the VOD?

Description

Time

  • Played on: May 13, 2019, 2:22 p.m.
  • Length: 6:33
Show
View Real Time Build Order
Export as new Build Order

Jason Terran 

Build Orders: Gas First Reaper Expand 

Get SALT Encoding   

  12  0:00  SCV  
  13  0:12  SCV  
  14  0:18  Supply Depot  
  14  0:25  SCV  
  15  0:29  Refinery  
  15  0:39  SCV  
  16  0:45  Barracks  
  16  0:51  SCV  
  17  1:03  SCV  
  18  1:15  SCV  
  19  1:34  Reaper, Orbital Command  
  20  1:55  Command Center  
  20  2:00  SCV  
  21  2:05  Factory  
  21  2:08  Barracks Reactor  
  21  2:12  SCV  
  22  2:19  Supply Depot  
  22  2:25  SCV  
  23  2:38  Refinery  
  23  2:41  SCV  
  24  2:44  Marine x2  
  24  2:49  Widow Mine  
  28  2:53  SCV  
  28  2:55  Starport  
  28  2:57  Supply Depot  
  29  3:03  Marine  
  29  3:05  SCV  
  29  3:15  Marine  
  29  3:17  SCV  
  30  3:23  Marine  
  30  3:28  Hellion  
  30  3:29  SCV  
  30  3:32  Medivac  
  30  3:33  Marine  
  33  3:41  Marine  
  34  3:51  Marine  
  34  3:54  Widow Mine  
  35  3:59  Marine  
  35  4:00  SCV  
  37  4:18  Medivac  
  38  4:24  Supply Depot  
  38  4:26  Barracks Tech Lab  
  38  4:29  SCV  
  43  4:31  Widow Mine x2  
  43  4:37  Orbital Command  
  43  4:41  SCV  
  44  4:50  Command Center  
  48  4:52  Widow Mine x2  
  48  4:59  SCV  
  49  5:00  Bunker  
  49  5:01  Marine  
  39  5:20  Widow Mine x2  
  37  5:35  Marine  
  31  5:45  SCV  
  31  5:47  SCV  
  29  5:53  Marine  
  29  5:54  Widow Mine  
  32  5:58  Widow Mine  
  32  6:01  SCV  
  32  6:03  SCV  
  38  6:11  Marine  
  38  6:13  SCV  
  38  6:15  SCV  
Show
View Real Time Build Order
Export as new Build Order

Rob Protoss - Winner!

Build Orders: 1 Gate Expand, Oracle Opening 

Get SALT Encoding   

  12  0:00  Probe  
  13  0:12  Probe  
  14  0:17  Pylon  
  14  0:24  Probe  
  15  0:32  Probe  
  15  0:36  Gateway  
  15  0:40  Probe  
  16  0:46  Assimilator  
  17  0:51  Probe  
  18  1:03  Probe  
  19  1:15  Probe  
  20  1:23  Cybernetics Core  
  20  1:34  Nexus  
  20  1:41  Pylon  
  20  1:44  Probe  
  21  1:51  Assimilator  
  21  1:53  Adept  
  21  1:57  Probe  
  22  2:04  Warp Gate  
  24  2:09  Probe  
  24  2:14  Adept  
  25  2:21  Probe  
  28  2:33  Probe  
  29  2:37  Adept  
  29  2:42  Stargate  
  29  2:45  Probe  
  29  2:47  Probe  
  33  2:59  Probe  
  33  3:01  Probe  
  35  3:11  Probe  
  36  3:14  Probe  
  37  3:20  Oracle  
  37  3:24  Probe  
  37  3:26  Probe  
  42  3:36  Probe  
  42  3:39  Probe  
  44  3:44  Nexus  
  44  3:48  Probe  
  45  3:53  Oracle  
  43  4:02  Pylon  
  46  4:06  Gateway  
  46  4:10  Gateway  
  46  4:20  Oracle, Probe x2, Adept  
  50  4:26  Gateway  
  50  4:27  Gateway  
  53  4:32  Probe  
  53  4:36  Pylon  
  54  4:38  Pylon  
  54  4:41  Robotics Facility  
  54  4:47  Assimilator  
  54  4:51  Assimilator  
  54  4:54  Probe x2  
  54  4:55  Probe  
  54  4:56  Pylon  
  57  5:06  Probe  
  58  5:08  Adept x2  
  58  5:09  Adept  
  58  5:10  Probe  
  65  5:18  Probe x2  
  64  5:30  Probe  
  64  5:31  Probe  
  64  5:34  Stalker  
  65  5:41  Stalker  
  65  5:42  Stalker x3, Probe  
  71  5:47  Probe  
  70  5:51  Probe  
  70  5:52  Probe  
  70  5:56  Forge, Probe  
  72  5:57  Robotics Bay  
  72  5:59  Probe  
  72  6:00  Probe  
  74  6:04  Probe  
  74  6:07  Probe  
  74  6:08  Probe  
  76  6:16  Probe  
  79  6:21  Probe  
  80  6:27  Stalker x3  
Tags
 
Add a new tag
Caveats
  • Supply blocks, unpowered buildings, or Contaminate may cause inaccurate times.
  • Supply counts are checked every 10 seconds.